 Dungeon Crawl Stone Soup version 0.22-a0-433-gd2a9cce (webtiles) character file.

459 nikopol the Firebug (level 6, -4/32 HPs)
             Began as a Deep Elf Fire Elementalist on May 28, 2018.
             Killed by divine providence
             ... invoked by an orc priest
              (11 damage)
             ... on level 5 of the Dungeon.
             The game lasted 00:10:40 (3744 turns).

nikopol the Firebug (Deep Elf Fire Elementalist)    Turns: 3744, Time: 00:10:41

Health: -4/32      AC:  2    Str:  5    XL:     6   Next: 78%
Magic:  7/16       EV: 17    Int: 22    God:
Gold:   206        SH:  0    Dex: 15    Spells: 1/16 levels left

rFire    + . .     SeeInvis .   (no weapon)
rCold    + . .     Gourm    .   (no shield)
rNeg     . . .     Faith    .   a - +0 robe
rPois    .         Spirit   .   (no helmet)
rElec    .         Reflect  .   w - scarf {rC+ rF+}
rCorr    .         Harm     .   (no gloves)
MR       .....                  (no boots)
Stlth    ++........             (no amulet)
HPRegen  0.10/turn              h - +4 ring of evasion
MPRegen  0.15/turn              (no ring)

@: no status effects
A: no striking features
a: no special abilities


You were on level 5 of the Dungeon.
You were hungry.

You visited 1 branch of the dungeon, and saw 5 of its levels.

You collected 206 gold pieces.

Inventory:

Armour
 a - a +0 robe (worn)
 w - a scarf of resistance (worn)
Jewellery
 h - a +4 ring of evasion (left hand)
Wands
 m - a wand of flame (27)
Scrolls
 e - a scroll of enchant weapon {unknown}
 i - a scroll of fear {unknown}
 k - a scroll of random uselessness {unknown}
 n - 2 scrolls of amnesia {unknown}
 o - 5 scrolls of remove curse
 p - a scroll of noise {unknown}
 t - 2 scrolls of magic mapping {unknown}
 u - a scroll of blinking {unknown}
 y - a scroll of enchant armour {unknown}
Potions
 d - 2 potions of flight
 f - 2 potions of might {unknown}
 g - 5 potions of heal wounds
 j - 2 potions of degeneration {unknown}
 l - 4 potions of curing
 q - 2 potions of brilliance {unknown}
 r - 2 potions of lignification {unknown}
 v - a potion of agility {unknown}
Comestibles
 c - 5 rations


   Skills:
 + Level 2.8 Dodging
 + Level 3.4 Stealth
 + Level 5.6 Spellcasting
 + Level 3.7 Conjurations
 + Level 5.9 Fire Magic


You had one spell level left.
You knew the following spells:

 Your Spells              Type           Power        Failure   Level  Hunger
a - Flame Tongue          Conj/Fire      ####.        1%          1    None
b - Throw Flame           Conj/Fire      ####..       1%          2    None
c - Conjure Flame         Conj/Fire      ####....     4%          3    ##.....
d - Sticky Flame          Conj/Fire      ####....     13%         4    ####...
e - Fireball              Conj/Fire      ####......   36%         5    #####..

Your spell library contained the following spells:

 Spells                   Type           Power        Failure   Level  Hunger
 Inner Flame              Hex/Fire       ###.....     9%          3    ##.....


Dungeon Overview and Level Annotations

Branches:
Dungeon (5/15)
 Temple: D:4-7

Altars:
Cheibriados
Gozag
Kikubaaqudgha
Ru
Uskayaw
Zin

Shops:
D:4 :   D:5 !


Message History

The orc priest invokes the aid of Beogh against you.
Pain shoots through your body!
* * * LOW HITPOINT WARNING * * *
Casting: Flame Tongue (safe; 1% risk of failure)
Confirm with . or Enter, or press ? or * to list all spells.
Aiming: Flame Tongue (safe; 1% risk of failure)
Press: ? - help, Shift-Dir - straight line, f/p - orc priest
Aim: an orc priest, wielding a falchion and wearing a chain mail (heavily wounded)
The flame tongue hits the orc priest.
The orc priest is heavily wounded.
Casting: Flame Tongue (safe; 1% risk of failure)
Confirm with . or Enter, or press ? or * to list all spells.
Aiming: Flame Tongue (safe; 1% risk of failure)
Press: ? - help, Shift-Dir - straight line, f/p - orc priest
Aim: an orc priest, wielding a falchion and wearing a chain mail (heavily wounded)
The flame tongue hits the orc priest.
The orc priest appears unharmed.
The orc priest is heavily wounded.
The orc priest mumbles some strange prayers to Beogh against you.
Beogh smites you!
You die...

#..#...........#
..
#..#..##########
....###..#..#
.._.o....#..##
#)....#oo....#
##... #ยง#..###
#.. #$#..#
###.####.##>#
.......@.##.#
###.#######.#
#.# .# .#


You could see an orc priest and an orc.

Vanquished Creatures
  An ogre (D:4)
  A hound (D:4)
  2 bullfrog skeletons
  A centaur skeleton (D:3)
  2 iguanas
  An orc wizard (D:5)
  7 adders
  A shadow imp (D:4)
  An ooze (D:2)
  6 worms
  2 dart slugs
  3 leopard geckos
  9 orcs
  2 ball pythons
  3 bats
  3 giant cockroaches
  6 goblins
  7 hobgoblins
  6 jackals
  2 kobolds
  2 quokkas
  11 frilled lizards
  5 rats
84 creatures vanquished.

Notes
Turn   | Place    | Note
-------+----------+-------------------------------------------
     0 | D:1      | nikopol the Deep Elf Fire Elementalist began the quest for the Orb.
     0 | D:1      | Reached XP level 1. HP: 10/10 MP: 6/6
   278 | D:1      | Reached XP level 2. HP: 15/15 MP: 5/8
   735 | D:2      | Reached XP level 3. HP: 19/19 MP: 2/9
   978 | D:2      | Found a hide-covered altar of Uskayaw.
  1006 | D:2      | Learned a level 2 spell: Throw Flame
  1010 | D:2      | Learned a level 3 spell: Conjure Flame
  1108 | D:2      | Reached XP level 4. HP: 24/24 MP: 6/11
  1491 | D:3      | Reached XP level 5. HP: 10/28 MP: 0/13
  2096 | D:3      | Reached skill level 5 in Fire Magic
  2131 | D:3      | Found a snail-covered altar of Cheibriados.
  2328 | D:3      | Reached skill level 5 in Spellcasting
  2423 | D:3      | Found an ancient bone altar of Kikubaaqudgha.
  2594 | D:4      | Noticed an ogre
  2601 | D:4      | Killed an ogre
  2601 | D:4      | Reached XP level 6. HP: 32/32 MP: 5/15
  2607 | D:4      | Learned a level 4 spell: Sticky Flame
  2783 | D:4      | Found Lisku's Book Emporium.
  3238 | D:4      | Found a sacrificial altar of Ru.
  3339 | D:5      | Entered Level 5 of the Dungeon
  3497 | D:5      | Learned a level 5 spell: Fireball
  3517 | D:5      | Found Fyempic's Distillery.
  3568 | D:5      | Found a glowing silver altar of Zin.
  3726 | D:5      | Found an opulent altar of Gozag.
  3744 | D:5      | Killed from afar by an orc priest

Vault maps used:
D:1:      minmay_arrival_wavy_path, kennysheep_flooded_box
D:2:      nicolae_overflow_hidden_temple
D:3:      cheibriados_altar_1, lemuel_round_altar, minmay_misc_feat_encased
D:4:      nicolae_ru_the_path_less_chosen, first_ration, serial_shops, shop,
          minivault_11
D:5:      kennysheep_mini, nicolae_overflow_crystal_walls, lemuel_doored_altar,
          serial_shops, nicolae_shop_statue_plus

Skill      XL: |  1  2  3  4  5 |
---------------+----------------+-----
Fire Magic     | 4 5 |  5.9
Stealth        | 3 |  3.4
Spellcasting   | 4 5 |  5.6
Conjurations   | 2 3 |  3.7
Dodging        | |  2.8

Action                   |  1- 3 |  4- 6 || total
-------------------------+-------+-------++-------
 Cast: Flame Tongue      |    60 |   124 ||   184
       Conjure Flame     |       |     3 ||     3
       Sticky Flame      |       |     1 ||     1
  Use: Scroll            |       |     4 ||     4
  Eat: Chunk             |       |     8 ||     8
Armor: Robe              |     1 |     7 ||     8
Dodge: Dodged            |    19 |    32 ||    51

Table legend:
 A = Spawn XP
 B = Non-spawn XP
 C = Spawn XP percentage of total XP
 D = Spawn monster count
 E = Non-spawn monster count
 F = Spawn count percentage of total count
 G = Total turns spent on level
                    A         B        C        D         E        F      G
               +---------+---------+-------+---------+---------+-------+---------
         Total |       0 |     657 |   0.0 |       0 |      84 |   0.0 |  3744
               +---------+---------+-------+---------+---------+-------+---------
           D:1 |       0 |      36 |   0.0 |       0 |      20 |   0.0 |   688
           D:2 |       0 |      81 |   0.0 |       0 |      20 |   0.0 |   914
           D:3 |       0 |     174 |   0.0 |       0 |      28 |   0.0 |   906
           D:4 |       0 |     238 |   0.0 |       0 |       8 |   0.0 |   831
           D:5 |       0 |     128 |   0.0 |       0 |       8 |   0.0 |   405
               +---------+---------+-------+---------+---------+-------+---------
